Map: [ESL] Gresvan

Players

ByuN

  • Race: Terran Terran

Lambo - Winner!

  • Race: Zerg Zerg

Event: IEM Katowice 2023

VOD

Have the link to the VOD?

Description

Time

  • Played on: Feb. 9, 2023, 12:08 p.m.
  • Length: 13:50

All games in this series

Show
View Real Time Build Order
Export as new Build Order

ByuN Terran 

Build Orders: Command Center First (CC) 

Get SALT Encoding   

  12  0:00  SCV  
  13  0:12  SCV  
  14  0:16  Supply Depot  
  14  0:24  SCV  
  15  0:38  SCV  
  16  0:50  SCV  
  17  0:58  Command Center  
  17  1:02  SCV  
  18  1:11  Barracks  
  18  1:14  SCV  
  19  1:20  Refinery  
  19  1:27  SCV  
  19  1:28  Refinery  
  20  1:39  SCV  
  21  1:43  Barracks  
  21  1:51  SCV  
  22  2:00  Barracks Reactor  
  22  2:03  Orbital Command  
  22  2:11  Orbital Command  
  22  2:28  SCV  
  23  2:30  Barracks Tech Lab  
  23  2:33  Factory  
  23  2:37  SCV  
  23  2:38  Marine x2  
  23  2:40  SCV  
  27  2:49  Marine, SCV  
  29  2:52  SCV  
  29  2:54  Stimpack  
  29  2:56  Marine x2  
  32  3:02  SCV  
  32  3:04  Supply Depot  
  34  3:05  SCV  
  34  3:07  Marine  
  35  3:14  Marine x2, SCV  
  35  3:19  Starport  
  38  3:25  Marine, Factory Reactor  
  40  3:27  Supply Depot  
  40  3:28  SCV x2  
  40  3:31  Marine  
  40  3:32  Marine  
  43  3:40  SCV x2  
  45  3:43  Marine  
  46  3:49  Marine x2  
  46  3:51  Supply Depot  
  46  3:52  SCV x2  
  50  4:04  Marine, SCV x2, Supply Depot  
  50  4:07  Marine  
  54  4:12  Marine, Medivac x2  
  54  4:15  Supply Depot  
  54  4:16  SCV x2  
  61  4:18  Refinery  
  61  4:22  Marine  
  61  4:23  Engineering Bay  
  62  4:26  Factory Tech Lab  
  63  4:31  Marine x2  
  63  4:33  Barracks, SCV x2  
  66  4:44  Siege Tank  
  66  4:45  Marine, Supply Depot  
  69  4:48  SCV x2  
  69  4:49  Marine x2  
  74  4:55  Supply Depot  
  74  4:56  Terran Infantry Weapons Level 1  
  74  5:00  Refinery  
  74  5:01  SCV  
  74  5:02  SCV  
  74  5:03  Marine  
  74  5:04  Combat Shield  
  77  5:08  Marine x2  
  79  5:18  Siege Tank  
  79  5:21  Marine  
  82  5:24  SCV x2  
  82  5:25  Marine, Supply Depot  
  82  5:26  Marine  
  82  5:27  Marine x2  
  88  5:37  Medivac  
  88  5:42  Marine  
  87  5:43  Marine x2  
  87  5:45  Marine x2  
  87  5:48  Supply Depot  
  89  5:50  Siege Tank  
  89  5:55  Supply Depot  
  92  6:00  Marine  
  92  6:01  Marine x2  
  92  6:03  Marine x2  
  97  6:07  Starport Reactor  
  97  6:14  Barracks  
  97  6:15  Barracks  
  97  6:18  Marine  
  98  6:19  Marine x2  
  98  6:21  Marine x2  
  98  6:22  Siege Tank  
  105  6:36  Marine, Supply Depot  
  105  6:37  Marine x2  
  105  6:39  Marine x2  
  109  6:53  Marine, Medivac x2  
  113  6:55  Marine  
  113  7:05  Barracks Reactor x2  
  113  7:06  Marine x2  
  113  7:07  Marine, Siege Tank  
  110  7:11  Marine  
  110  7:12  Marine, Terran Infantry Armor Level 1  
  112  7:23  Liberator  
  112  7:24  Command Center  
  112  7:26  Liberator  
  118  7:40  Marine x6  
  124  7:44  Supply Depot  
  124  7:46  Supply Depot  
  124  7:47  Siege Tank  
  124  7:48  Marine x2  
  129  8:00  SCV x2  
  129  8:01  Supply Depot  
  131  8:10  Marine x2  
  131  8:11  Marine x5  
  131  8:12  Marine x2  
  127  8:19  Siege Tank  
  130  8:21  Liberator  
  130  8:26  Liberator  
  136  8:34  Marine x4  
  136  8:37  Marine x2  
  136  8:40  Marine x2  
  144  8:43  Marine  
  145  8:52  Marine  
  146  8:56  Siege Tank  
  146  8:57  Marine x2  
  151  9:06  Marine x5  
  151  9:07  Liberator  
  158  9:16  Marine  
  149  9:18  Marine  
  149  9:19  Marine  
  149  9:20  Marine  
  149  9:24  Marine x2  
  99  9:26  Marine  
  99  9:28  Marine  
  99  9:29  Liberator  
  103  9:34  Marine  
  103  9:36  Siege Tank  
  107  9:39  Marine  
  107  9:43  Marine  
  107  9:44  Marine  
  107  9:45  Marine  
  111  9:50  Marine  
  112  9:53  Orbital Command  
  112  9:55  Marine x2  
  112  9:58  Marine  
  108  10:00  Marine  
  108  10:02  Marine  
  102  10:07  Marine  
  102  10:08  Marine x2  
  102  10:09  Marine  
  102  10:13  Marine  
  101  10:31  Marine x8  
  110  10:37  Siege Tank  
  112  10:46  Marine  
  112  10:49  Marine  
  114  10:52  Liberator x2  
  114  10:55  Marine  
  114  10:56  Marine x6  
  127  11:05  Marine  
  127  11:06  Marine  
  129  11:13  Marine x5  
  129  11:14  Marine  
  129  11:17  Marine  
  129  11:18  Siege Tank  
  139  11:23  Marine  
  139  11:24  Marine  
  139  11:31  Marine x5  
  139  11:32  Marine  
  138  11:33  SCV x2  
  138  11:34  SCV  
  138  11:35  Marine  
  141  11:41  Marine  
  141  11:42  Marine  
  141  11:45  SCV  
  144  11:49  Marine  
  144  11:52  Marine x3  
  144  11:53  Marine  
  144  11:54  Marine x2  
  149  11:59  Marine  
  149  12:00  Marine  
  152  12:07  Marine  
  148  12:10  Marine x3  
  148  12:11  Marine  
  148  12:12  Marine x2  
  152  12:17  Marine  
  152  12:21  Siege Tank, Marine  
  125  12:24  Marine  
  125  12:27  Marine  
  125  12:28  Marine x2  
  125  12:29  Marine  
  112  12:36  Marine  
  112  12:37  Marine, Liberator  
  108  12:42  Marine  
  108  12:43  Marine  
  114  12:53  Marine x2  
  114  12:56  Marine  
  114  12:57  Marine  
  117  13:05  Marine  
  118  13:06  Marine x2  
  118  13:10  Marine  
  118  13:12  Marine x2  
  122  13:14  Marine  
  102  13:29  Marine x3  
Show
View Real Time Build Order
Export as new Build Order

Lambo Zerg - Winner!

Build Orders: Hatch First 

Get SALT Encoding   

  12  0:00  Drone  
  13  0:12  Overlord  
  13  0:16  Drone  
  14  0:31  Drone x2  
  16  0:47  Hatchery  
  15  0:50  Drone  
  15  0:54  Drone  
  17  0:57  Drone  
  18  1:09  Extractor  
  17  1:12  Spawning Pool  
  17  1:16  Drone  
  17  1:19  Drone  
  18  1:28  Drone  
  19  1:38  Drone  
  20  1:49  Drone  
  21  1:59  Queen x2  
  21  2:00  Zergling x4  
  27  2:10  Drone  
  27  2:11  Overlord  
  27  2:14  Metabolic Boost  
  28  2:27  Hatchery  
  28  2:29  Drone  
  28  2:32  Drone  
  28  2:34  Drone  
  30  2:37  Drone  
  30  2:42  Drone  
  30  2:44  Overlord  
  32  2:50  Queen  
  34  2:55  Drone  
  36  2:58  Drone  
  36  3:03  Queen  
  38  3:11  Drone x4  
  38  3:12  Drone  
  43  3:16  Drone  
  44  3:22  Overlord  
  44  3:25  Overlord  
  44  3:38  Queen  
  44  3:39  Queen  
  44  3:40  Drone x4  
  52  3:42  Drone  
  52  3:44  Drone  
  52  3:47  Drone  
  55  3:49  Queen  
  55  3:53  Drone x2  
  59  3:58  Drone x2  
  59  3:59  Drone  
  59  4:02  Drone  
  63  4:04  Overlord  
  63  4:06  Drone x2  
  65  4:10  Drone  
  65  4:14  Overlord  
  66  4:21  Drone  
  66  4:22  Overlord, Queen x2  
  66  4:23  Drone x2  
  71  4:27  Extractor  
  71  4:29  Lair  
  70  4:33  Zergling x8  
  70  4:36  Drone  
  70  4:37  Baneling Nest  
  74  4:43  Drone  
  74  4:44  Drone  
  76  4:46  Drone x2  
  76  4:47  Drone x2  
  76  4:52  Zergling x6  
  83  4:58  Zergling x10  
  83  4:59  Extractor, Queen  
  89  5:03  Overlord  
  89  5:06  Overlord  
  89  5:09  Overlord  
  89  5:15  Hatchery, Queen  
  89  5:16  Overlord  
  89  5:17  Overlord  
  89  5:20  Overlord  
  90  5:22  Overlord  
  90  5:24  Overlord  
  90  5:26  Overlord  
  90  5:34  Zergling x4  
  90  5:35  Drone x3, Centrifugal Hooks  
  87  5:43  Zergling x6  
  87  5:44  Zergling x6  
  87  5:45  Queen  
  87  5:47  Zergling x2  
  94  5:53  Zergling x6, Evolution Chamber  
  96  5:57  Zergling x4  
  96  6:00  Queen x2  
  96  6:03  Zergling x2  
  103  6:06  Baneling x4  
  103  6:08  Zergling x8  
  103  6:11  Zergling x6  
  110  6:12  Baneling x2  
  110  6:13  Baneling x2  
  110  6:14  Baneling  
  110  6:18  Evolution Chamber  
  110  6:20  Overlord  
  110  6:23  Zergling x8  
  110  6:24  Baneling x4  
  110  6:25  Baneling  
  113  6:27  Zergling x2  
  113  6:28  Baneling  
  113  6:29  Baneling  
  113  6:30  Zerg Ground Armor Level 1  
  114  6:36  Zergling x10  
  119  6:40  Overlord  
  119  6:41  Baneling x5  
  119  6:45  Overlord  
  119  6:46  Overlord  
  119  6:49  Overlord  
  119  6:50  Overlord  
  119  6:52  Zergling x4  
  119  6:55  Zerg Melee Weapons Level 1  
  119  6:57  Overlord  
  114  7:04  Drone x7  
  117  7:13  Drone x4  
  120  7:17  Drone x2  
  120  7:22  Extractor  
  121  7:25  Zergling x12  
  121  7:27  Baneling  
  127  7:30  Zergling x14  
  127  7:31  Baneling x2  
  128  7:38  Zergling x6  
  128  7:42  Queen, Zergling x4  
  128  7:43  Zergling x4  
  134  7:44  Queen  
  134  7:45  Queen  
  134  7:47  Drone  
  139  7:55  Drone x3  
  139  7:58  Zergling x4  
  144  7:59  Hydralisk Den  
  144  8:00  Baneling x2  
  144  8:03  Spore Crawler  
  144  8:04  Zergling x6  
  144  8:10  Zergling x2  
  145  8:17  Zergling x16  
  145  8:18  Baneling x2  
  153  8:23  Drone x2  
  155  8:27  Zergling x10  
  155  8:28  Zerg Ground Armor Level 2  
  155  8:29  Muscular Augments  
  160  8:34  Spore Crawler  
  160  8:35  Zergling x4  
  160  8:36  Pneumatized Carapace, Overseer  
  160  8:37  Drone  
  160  8:39  Overlord  
  160  8:41  Overlord  
  161  8:42  Baneling x2  
  161  8:45  Overlord  
  161  8:48  Overlord  
  161  8:50  Baneling x10  
  161  8:51  Zergling x8  
  165  8:58  Zergling x18  
  165  8:59  Zergling x2  
  165  9:02  Baneling  
  174  9:05  Zergling x6  
  174  9:06  Queen x2  
  174  9:09  Overlord  
  180  9:10  Overlord  
  180  9:16  Zergling x8  
  157  9:22  Zergling x6  
  132  9:24  Zerg Melee Weapons Level 2  
  132  9:26  Queen x2  
  132  9:27  Infestation Pit, Zergling x2  
  132  9:28  Zergling x8  
  138  9:35  Zergling x6  
  138  9:37  Hydralisk x4  
  149  9:39  Baneling x2  
  149  9:41  Baneling  
  149  9:42  Hatchery, Zergling x2  
  148  9:45  Zergling x2  
  148  9:48  Zergling x4  
  148  9:52  Baneling x4  
  146  9:54  Queen x2  
  146  9:57  Zergling x12  
  153  10:02  Queen  
  151  10:10  Zergling x16  
  145  10:17  Hydralisk x3  
  151  10:22  Hydralisk x3  
  151  10:26  Overlord  
  157  10:29  Zergling x6  
  157  10:32  Drone x3  
  157  10:34  Baneling x3  
  163  10:38  Overlord  
  163  10:39  Drone x3  
  163  10:42  Extractor  
  164  10:43  Extractor  
  164  10:44  Overlord  
  164  10:47  Hive  
  164  10:49  Drone x2  
  164  10:55  Zergling x16  
  172  11:03  Baneling  
  171  11:05  Spore Crawler  
  171  11:07  Zerg Missile Weapons Level 1  
  171  11:08  Spore Crawler  
  169  11:15  Zergling x26  
  169  11:17  Baneling x4  
  169  11:18  Baneling x9  
  182  11:25  Zergling x8  
  182  11:26  Zergling x6  
  182  11:30  Queen  
  182  11:31  Zergling x2  
  182  11:32  Zergling x2  
  182  11:34  Zergling x8  
  179  11:40  Zergling x8  
  182  11:49  Zergling x10  
  182  11:50  Baneling x8  
  182  11:52  Grooved Spines  
  187  11:55  Zergling x2  
  187  11:56  Baneling x13  
  187  11:59  Overlord  
  187  12:01  Overlord  
  187  12:03  Zergling x4  
  187  12:06  Zergling x2  
  187  12:09  Overlord  
  187  12:14  Zergling x8  
  179  12:21  Hydralisk x8  
  159  12:27  Hydralisk x2  
  152  12:35  Zergling x10  
  147  12:37  Baneling x2  
  147  12:42  Zergling x10  
  147  12:43  Queen x2  
  152  12:54  Zergling x10  
  154  12:59  Viper x2  
  154  13:02  Zergling x12  
  163  13:07  Hatchery  
  163  13:08  Overlord  
  163  13:10  Zergling x8  
  164  13:17  Zergling x6  
  166  13:20  Baneling x8  
  166  13:24  Zergling x10  
  159  13:27  Baneling x6  
  159  13:32  Zergling x6  

Tags
 
Add a new tag
Caveats
  • Supply blocks, unpowered buildings, or Contaminate may cause inaccurate times.
  • Supply counts are checked every 10 seconds.